 Dungeon Crawl Stone Soup version 0.27-b1-41-gafb5482f4b (webtiles) character file.

Game seed: 6009908703148297867

25 Urokeeper the Sneak (level 2, -1/33 HPs)
             Began as a Vampire Brigand on July 28, 2021.
             Slain by Terence (3 damage)
             ... on level 2 of the Dungeon.
             The game lasted 00:01:56 (770 turns).

Urokeeper the Sneak (Vampire Brigand)                Turns: 770, Time: 00:01:57

Health: -1/33      AC: 21    Str: 10    XL:     2   Next: 82%
Magic:  2/2        EV:  2    Int: 13    God:
Gold:   46         SH:  0    Dex: 15    Spells: 1/1 levels left

rFire    . . .     SeeInvis +   a - +2 dagger
rCold    . . .     Faith    .   (no shield)
rNeg     + + +     Spirit   .   (armour currently unavailable)
rPois    +         Reflect  .   (helmet currently unavailable)
rElec    .         Harm     .   (cloak currently unavailable)
rCorr    .         Rampage  .   (gloves currently unavailable)
Will     .....     NoTele   +   (boots currently unavailable)
Stlth    +++.......             (no amulet)
HPRegen  0.31/turn              (no ring)
MPRegen  0.08/turn              (no ring)

@: tree-form, healing quickly
A: stationary, stasis, torment immunity, boosted hp, alive, (fangs 3), see
invisible, vampiric 1
a: Exsanguinate


You were on level 2 of the Dungeon.
You were a tree.
You visited 1 branch of the dungeon, and saw 2 of its levels.

You collected 46 gold pieces.

Inventory:

Hand Weapons
 a - a +2 dagger (weapon)
Missiles
 d - 20 poisoned darts (quivered)
 e - 2 curare-tipped darts
 f - 20 bolts
Armour
 b - a +0 robe
 c - a +0 cloak (melded)
 g - a +2 robe of willpower
 m - a +2 chain mail of fire resistance (melded)
Scrolls
 i - a scroll of enchant armour {unknown}
 j - a scroll of immolation {unknown}
 l - a scroll of identify {unknown}
Potions
 h - a potion of lignification
 k - a potion of ambrosia {unknown}
 n - a potion of curing {unknown}
 o - a potion of heal wounds {unknown}


   Skills:
 + Level 1.8 Fighting
 + Level 2.3 Short Blades
 + Level 1.8 Throwing
 + Level 1.1 Dodging
 + Level 7.0 Stealth


You had one spell level left.
You didn't know any spells.
Your spell library was empty.

Dungeon Overview and Level Annotations

Branches:
Dungeon (2/15)

Altars:

Annotations:
D:2 Terence


Innate Abilities, Weirdness & Mutations

You are a tree.
Your roots penetrate the ground, keeping you stationary.
You cannot be teleported.
You are immune to unholy pain and torment.
Your maximum health is greatly increased.
Your equipment is partially melded.
Your natural rate of healing is accelerated.
((You have razor-sharp teeth.))
You have supernaturally acute eyesight. (SInv)
You are afflicted with vampirism.


Message History

Terence is moderately wounded.
Terence hits you but does no damage.
You barely miss Terence.
Terence is moderately wounded.
You hit Terence but do no damage.
Terence is moderately wounded.
Terence hits you but does no damage.
You hit Terence.
Terence is moderately wounded.
Terence hits you with a +0 hand axe.
* * * LOW HITPOINT WARNING * * *
You hit Terence.
Terence is heavily wounded.
Terence hits you but does no damage.
You hit Terence but do no damage.
Terence is heavily wounded.
Terence hits you but does no damage.
You hit Terence but do no damage.
Terence is heavily wounded.
Terence hits you but does no damage.
You hit Terence.
Terence is heavily wounded.
Terence hits you but does no damage.
You hit Terence but do no damage.
Terence is heavily wounded.
Terence hits you with a +0 hand axe.
* * * LOW HITPOINT WARNING * * *
You hit Terence.
Terence is almost dead.
You closely miss Terence.
Terence is almost dead.
Terence hits you with a +0 hand axe.
* * * LOW HITPOINT WARNING * * *
You hit Terence but do no damage.
Terence is almost dead.
Terence hits you but does no damage.
You barely miss Terence.
Terence is almost dead.
Terence hits you with a +0 hand axe.
You die...

.... .._..........##
....... ##..............
.......##.........##....
...?...............#....
........#...............
.......?................
.......##...............
.......#...<.....###....
#..♣........## ....
......@.######### ..#.
###...... .###
.......... .#
.##...##... .. ...##
#### .###


You could see Terence.

Vanquished Creatures
  3 ball pythons
  5 endoplasms
  A giant cockroach (D:1)
  4 hobgoblins
  3 kobolds (D:1)
  2 quokkas
  A bat (D:1)
  2 frilled lizards (D:1)
21 creatures vanquished.

Notes
Turn   | Place    | Note
-------+----------+-------------------------------------------
     0 | D:1      | Urokeeper the Vampire Brigand began the quest for the Orb.
     0 | D:1      | Reached XP level 1. HP: 16/16 MP: 1/1
    49 | D:1      | Reached skill level 6 in Stealth
   119 | D:1      | Reached XP level 2. HP: 18/22 MP: 2/2
   651 | D:2      | Found a faded altar of an unknown god.
   740 | D:2      | Noticed Terence
   753 | D:2      | Reached skill level 7 in Stealth
   770 | D:2      | Slain by Terence

Illustrated notes

Levels and vault maps discovered:
D:1:      dpeg_arrival_rooms_a, layout_loops_ring
D:2:      layout_rooms, basic_ecumenical_altar, uniq_terence

Skill      XL: |  1  2 |
---------------+-------+-----
Stealth        | 6 7 |  7.0
Fighting       | |  1.8
Short Blades   | |  2.3
Throwing       | |  1.8
Dodging        | |  1.1

Action                   || total
-------------------------++-------
Melee: Dagger            ||    83
       Bite              ||     3
  Use: Potion            ||     1
 Stab: Sleeping          ||     4
Armor: Chain mail        ||    20
       Skin              ||    11
       Robe              ||     2
Dodge: Dodged            ||    26
